 Dungeon Crawl Stone Soup version 0.30.1-9-gdf580d7c3d (webtiles) character file.

Game seed: 9114495456373453106

58886 leafyfresh the Spry (level 15, -8/154 HPs)
             Began as a Djinni Ice Elementalist on Sept 14, 2023.
             Was a Priest of Makhleb.
             Mangled by a pharaoh ant (27 damage)
             ... on level 2 of the Lair of Beasts on Sept 26, 2023.
             The game lasted 01:40:07 (20393 turns).

leafyfresh the Spry (Djinni Ice Elementalist)      Turns: 20393, Time: 01:40:08

Health: -8/154     AC: 32    Str:  7    XL:     15   Next: 31%
Gold:   2303       EV: 20    Int: 24    God:    Makhleb [***...] SH:  0 Dex: 14

rFire   + +          .
                       - Unarmed
rCold   x . .        (no shield)
rNeg    + . .        I - melded +1 robe "Waegh" {rPois Will+ Regen+}
rPois   ∞            L - +0 helmet
rElec   +            P - +0 cloak
rCorr   .            p - melded +2 pair of gloves {infuse}
SInv    .            (boots unavailable)
Will    ++...        X - amulet of the acrobat
Stlth   ++           e - ring of wizardry
HPRegen 0.45/turn    i - ring of willpower
MPRegen 0.00/turn

%: acrobat, wizardry (x1), infuse magic (-9 HP)
@: statue-form, flying, very slow
A: slow and powerful, torment resistance 1, flying, boosted hp, sickness
immunity, fire resistance 2, cold vulnerability 1, float, innate caster, HP
casting, extra vitality 1, robust 1, electricity resistance, wild magic 1
a: End Transformation, Renounce Religion, Minor Destruction, Lesser Servant of
Makhleb


You were on level 2 of the Lair of Beasts.
You worshipped Makhleb.
Makhleb was most pleased with you.
You were a living statue of rough stone.
You visited 5 branches of the dungeon, and saw 20 of its levels.
You also visited: Ossuary and Bailey.

You collected 2303 gold pieces.

Inventory:

Hand Weapons
 T - the +7 long sword of Puckish Valour {venom, rC- Will++ Str+4 Dex+2}
   (You found it on level 2 of the Lair of Beasts)

   Str:       It affects your strength (+4).
   Dex:       It affects your dexterity (+2).
   rC:        It makes you vulnerable to cold.
   Will:      It greatly increases your willpower.
Missiles
 D - a throwing net
Armour
 a - +0 swamp dragon scales
 h - +0 acid dragon scales
 p - a +2 pair of gloves of infusion (melded)
 t - a +3 leather armour of fire resistance
 I - the +1 robe "Waegh" (melded) {rPois Will+ Regen+}
   (You found it on level 8 of the Dungeon)

   rPois:     It protects you from poison.
   Regen:     It increases your rate of health regeneration.
   Will:      It increases your willpower.
 L - a +0 helmet (worn)
 P - a +0 cloak (worn)
 Y - the +2 chain mail "Qoakhlawko" {rN+ Dex+3 Slay-2}
   (You found it on level 2 of the Lair of Beasts)

   Dex:       It affects your dexterity (+3).
   Slay:      It affects your accuracy & damage with ranged weapons and melee
   (-2).
   rN:        It protects you from negative energy.
 Z - an orb of wrath
Magical Staves
 S - a staff of poison
Jewellery
 e - a ring of wizardry (left fist)
 i - a ring of willpower (right fist)
 F - a ring of resist corrosion
 J - a +6 ring of strength
 X - an amulet of the acrobat (around neck)
Wands
 f - a wand of paralysis (25)
 l - a wand of iceblast (3)
 E - a wand of polymorph (4)
 G - a wand of mindburst (12)
 Q - a wand of flame (3)
 U - a wand of digging (2)
Scrolls
 b - 2 scrolls of immolation
 g - 10 scrolls of teleportation
 j - 4 scrolls of vulnerability
 k - 3 scrolls of poison
 m - 6 scrolls of fog
 q - a scroll of magic mapping
 s - 8 scrolls of blinking
 u - 2 scrolls of enchant weapon
 w - a scroll of identify
 y - 4 scrolls of noise
 C - a scroll of brand weapon
 N - 3 scrolls of silence
Potions
 c - 8 potions of invisibility
 d - 5 potions of mutation
 n - 2 potions of might
 o - a potion of heal wounds
 r - 5 potions of curing {unknown}
 v - 5 potions of brilliance
 x - 7 potions of haste {unknown}
 z - a potion of attraction {unknown}
 A - 2 potions of cancellation {unknown}
 B - 3 potions of resistance {unknown}
 H - 3 potions of lignification
 O - a potion of degeneration {unknown}
 R - a potion of berserk rage {unknown}
Miscellaneous
 M - a phantom mirror
 V - a condenser vane
 W - a lightning rod (4/4)


   Skills:
 - Level 10.7 Fighting
 - Level 14.1 Armour
 - Level 16.5 Dodging
 - Level 1.5 Stealth
 + Level 4.7 Unarmed Combat
 - Level 11.3 Spellcasting


You knew the following spells:

 Your Spells              Type           Power      Damage    Failure   Level
a - Freeze                Ice            100%       1d10      1%          1
b - Frozen Ramparts       Ice            100%       1d16      1%          3
c - Ozocubu's Armour      Ice            73%        N/A       1%          3
d - Summon Ice Beast      Ice/Summ       73%        N/A       1%          4
e - Shock                 Conj/Air       100%       1d9       1%          1
f - Searing Ray           Conj           100%       2d8       1%          2
g - Stone Arrow           Conj/Erth      100%       3d13      1%          3
h - Vampiric Draining     Necr           73%        2d11      1%          3
i - Yara's Violent Unrav  Hex/Tmut       36%        3d15      1%          5
j - Fireball              Conj/Fire      36%        3d15      1%          5
k - Statue Form           Tmut/Erth      48%        N/A       4%          6
Your spell library was empty.

Dungeon Overview and Level Annotations

Branches:
Dungeon (11/15)            Temple (1/1) D:7            Lair (5/5) D:10
  Swamp (0/4) Lair:2       Spider (1/4) Lair:2          Orc (2/2) D:10
    Elf (0/3) Orc:2       Ossuary (visited)          Bailey (visited)
  Slime: Lair:4-5

Altars:
Ashenzari
Cheibriados
Dithmenos
Elyvilon
Fedhas
Gozag
Hepliaklqana
Makhleb
Nemelex Xobeh
Okawaru
Qazlal
Ru
Trog
Uskayaw
Wu Jian
Xom
Yredelemnul
Zin
The Shining One

Shops:
D:1 (   D:7 *   D:10 [(   Orc:2 *:([[

Annotations:
D:9 4 transporters
Lair:5 exclusion: 2 oklob plants
Orc:1 Saint Roka


Innate Abilities, Weirdness & Mutations

You are a living statue of rough stone.
Your actions are slow, but your melee attacks are powerful.
You are resistant to unholy torment.
You are flying.
Your maximum health is greatly increased.
Your equipment is partially melded.
You are immune to sickness and miasma.
You are immune to poison.
Your flesh is very heat resistant. (rF++)
You are vulnerable to cold. (rC-)
You float through the air rather than walking.
You learn spells naturally, not from books.
Your magical power is your life essence.
You have superior vitality. (+4 MHP)
You are robust. (+10% HP)
You are resistant to electric shocks. (rElec)
Your spells are a little harder to cast, but a little more powerful.


Message History

Casting: Vampiric Draining (safe; 1% risk of failure)
Confirm with . or Enter, or press ? or * to list all spells.
You extend your transformation's duration.
The pharaoh ant bites you!!
* * * LOW HITPOINT WARNING * * *
The pharaoh ant bites you but does no damage.
Unknown command.
Casting: Statue Form (dangerous; 4% risk of failure)
Confirm with . or Enter, or press ? or * to list all spells.
Aiming: Stone Arrow (safe; 1% risk of failure)
Press: ? - help, Shift-Dir - straight line, f - pharaoh ant
Aim: a pharaoh ant (84% to hit)
The stone arrow hits the pharaoh ant!
The pharaoh ant is heavily damaged.
* * * LOW HITPOINT WARNING * * *
The pharaoh ant bites you but does no damage.
The pharaoh ant misses you.
Unknown command.
Casting: Stone Arrow (safe; 1% risk of failure)
Confirm with . or Enter, or press ? or * to list all spells.
Aiming: Stone Arrow (safe; 1% risk of failure)
Press: ? - help, Shift-Dir - straight line, f/p - pharaoh ant
Aim: a pharaoh ant (moderately damaged, 84% to hit)
The stone arrow hits the pharaoh ant!
The pharaoh ant is severely damaged.
* * * LOW HITPOINT WARNING * * *
The pharaoh ant bites you.
* * * LOW HITPOINT WARNING * * *
The pharaoh ant misses you.
Unknown command.
Casting: Stone Arrow (safe; 1% risk of failure)
Confirm with . or Enter, or press ? or * to list all spells.
Aiming: Stone Arrow (safe; 1% risk of failure)
Press: ? - help, Shift-Dir - straight line, f/p - pharaoh ant
Aim: a pharaoh ant (heavily damaged, 84% to hit)
The stone arrow hits the pharaoh ant!
The pharaoh ant is almost destroyed.
* * * LOW HITPOINT WARNING * * *
The pharaoh ant bites you!!
You die...

.......P#.P#.##..............##
##...........................P#
.............................##
.............................#
.............#######.........#
##....>.....#...#...#........#
##...#.##...#..###..#........#
#.....####.#..#.#.#..#.#.....##
.....####..#.###8#####...#...P#
##....##...#..#.#B#..#...#....#
##...'......#..###..#....#...##
#......#...##...#...#....#...#
.#....#...##.##.#.##.....#...#
.....###..####.###...........#
#....###.#.#.#...........#...##
..................#P.##.+.....#
.............................##


You could see a pharaoh ant.

Vanquished Creatures
  An orc warlord (Orc:1)
  A stone giant (Orc:2)
  3 ettins (Orc:2)
  Josephine (Orc:2)
  A fire dragon (Lair:5)
  4 hydras
  2 two-headed ogres
  An anaconda (Lair:5)
  5 death yaks (Lair:4)
  An orc high priest (Orc:1)
  2 boulder beetles
  A skyshark (Lair:3)
  A swamp dragon (Lair:5)
  8 orc knights
  A deep elf pyromancer (D:8)
  2 orc sorcerers (Orc:1)
  9 cyclopes
  3 elephants (Lair:2)
  A wolf spider (Lair:2)
  A black mamba (Lair:2)
  3 komodo dragons
  4 rime drakes
  2 cane toads
  A cane toad (shapeshifter) (D:8)
  A kobold demonologist (D:9)
  8 trolls
  10 polar bears
  A meliai (Lair:2)
  10 hornets
  A tarantella (Lair:2)
  7 blink frogs
  4 raiju (Lair:5)
  A ynoxinul (D:9)
  5 wraiths
  25 yaks
  5 spriggans (Lair:2)
  4 basilisks
  4 wyverns
  2 steam dragons (Lair:5)
  4 redbacks
  4 wargs
  Menkaure (D:7)
  Edmund (D:5)
  2 acid dragons (Lair:5)
  13 hell hounds (Lair:5)
  8 water moccasins
  28 orc warriors
  A sky beast (D:6)
  12 black bears
  A swamp drake (Lair:5)
  4 ogres
  19 wolves
  A centaur (D:8)
  2 gnoll sergeants
  5 kobold brigands
  7 bullfrogs
  A scorpion (D:7)
  8 wights
  6 killer bees (Lair:2)
  2 electric eels
  4 howler monkeys
  3 jellies
  12 orc priests
  2 hounds
  2 gnoll boudas
  7 iguanas
  16 orc wizards
  2 hell rats (Lair:5)
  A mummy (Ossuary)
  6 adders
  17 gnolls
  3 shadow imps
  A white imp (D:6)
  2 ufetubi
  A worm (D:2)
  A dart slug (D:1)
  86 orcs
  A bat (D:2)
  An endoplasm (D:1)
  A giant cockroach (D:3)
  2 goblins
  5 hobgoblins
  29 kobolds
  A quokka (D:1)
  8 ball pythons
  2 frilled lizards (D:1)
  A kobold skeleton (Ossuary)
  4 orc skeletons (Ossuary)
  3 rats
501 creatures vanquished.

Vanquished Creatures (collateral kills)
  A hydra (Lair:2)
  A fire crab (Lair:5)
  An orange demon (D:9)
  A cane toad (Lair:3)
  A red devil (D:9)
  A jumping spider (Spider:1)
  A spriggan (Lair:2)
  2 wargs (Lair:5)
  2 water moccasins
  2 orc warriors
  3 black bears
  An ogre (Orc:2)
  A wolf (Lair:4)
  Blork the orc (D:5)
  3 jellies
  2 quasits (D:9)
  An orc priest (Orc:1)
  An orc wizard (D:5)
  2 hell rats (Lair:5)
  8 gnolls
  A dart slug (D:5)
  5 orcs
  6 gnoll skeletons (Ossuary)
  7 kobold skeletons (Ossuary)
  7 orc skeletons (Ossuary)
62 creatures vanquished.

Vanquished Creatures (others)
  An orc wizard (Orc:2)
  A quokka (D:4)
2 creatures vanquished.

Grand Total: 565 creatures vanquished

Notes
Turn   | Place    | Note
-------+----------+-------------------------------------------
     0 | D:1      | leafyfresh the Djinni Ice Elementalist began the quest for
                  | the Orb.
     0 | D:1      | leafyfresh set off with the following spells memorised:
                  | Freeze, Frozen Ramparts, Ozocubu's Armour, Summon Ice
                  | Beast.
     0 | D:1      | Reached XP level 1. HP: 15/15 MP: 0/0
    78 | D:1      | Found Bioczon's Weapon Shop.
   143 | D:1      | Reached XP level 2. HP: 10/21 MP: 0/0
   211 | D:1      | Found a faded altar of an unknown god.
   850 | D:2      | Reached XP level 3. HP: 22/25 MP: 0/0
   850 | D:2      | Learned a level 1 spell: Shock
  1808 | D:3      | Reached XP level 4. HP: 27/31 MP: 0/0
  2780 | D:4      | Reached XP level 5. HP: 31/35 MP: 0/0
  2780 | D:4      | Learned a level 2 spell: Searing Ray
  2859 | D:4      | Noticed a water moccasin
  2865 | D:4      | Killed a water moccasin
  2866 | D:4      | Reached skill level 5 in Spellcasting
  2866 | D:4      | Reached XP level 6. HP: 31/40 MP: 0/0
  3106 | D:4      | Found a burning altar of Makhleb.
  3230 | D:5      | Entered Level 5 of the Dungeon
  3317 | D:5      | Noticed Blork the orc
  3328 | D:5      | Killed Blork the orc
  3538 | D:5      | Reached XP level 7. HP: 39/45 MP: 0/0
  3538 | D:5      | Learned a level 3 spell: Stone Arrow
  3635 | D:5      | Noticed Edmund
  3655 | D:5      | Killed Edmund
  3794 | D:5      | Found a sand-covered staircase.
  3834 | Ossuary  | Entered an ossuary
  3834 | Ossuary  | Noticed a wraith
  3834 | Ossuary  | Noticed a wraith
  3834 | Ossuary  | Noticed a wraith
  4087 | Ossuary  | Noticed a wraith
  4106 | Ossuary  | Killed a wraith
  4107 | Ossuary  | Reached XP level 8. HP: 11/50 MP: 0/0
  5578 | D:6      | Reached XP level 9. HP: 42/55 MP: 0/0
  5578 | D:6      | Learned a level 3 spell: Vampiric Draining
  5622 | D:6      | Found a broken altar of Ashenzari.
  5678 | D:6      | Reached skill level 3 in Dodging
  6037 | D:7      | Reached skill level 4 in Dodging
  6175 | D:7      | Noticed Menkaure
  6180 | D:7      | Killed Menkaure
  6181 | D:7      | Reached skill level 5 in Dodging
  6258 | D:7      | Reached skill level 6 in Dodging
  6344 | D:7      | Found a sacrificial altar of Ru.
  6397 | D:7      | Found Xoptomoj's Assorted Antiques.
  6791 | D:7      | Found a staircase to the Ecumenical Temple.
  6830 | Temple   | Entered the Ecumenical Temple
  6946 | D:7      | Reached skill level 7 in Dodging
  7664 | D:8      | Upgraded the game from 0.30.1-4-g462c640d31 to
                  | 0.30.1-6-gbe392663c4
  7688 | D:8      | Reached skill level 1 in Fighting
  7850 | D:8      | Noticed a deep elf pyromancer
  7862 | D:8      | Noticed an eight-headed hydra
  7865 | D:8      | Reached skill level 8 in Dodging
  7870 | D:8      | Killed an eight-headed hydra
  7871 | D:8      | Reached XP level 10. HP: 51/67 MP: 0/0
  7873 | D:8      | Killed a deep elf pyromancer
  7874 | D:8      | Reached skill level 9 in Dodging
  7876 | D:8      | Identified the +1 robe "Waegh" {rPois Will+ Regen+}
  7901 | D:8      | Noticed a cane toad
  7909 | D:8      | Killed a cane toad
  7910 | D:8      | Reached skill level 5 in Fighting
  8045 | D:8      | Upgraded the game from 0.30.1-6-gbe392663c4 to
                  | 0.30.1-9-gdf580d7c3d
  8242 | D:8      | Reached skill level 10 in Dodging
  8303 | D:8      | Found a stormy altar of Qazlal.
  8525 | D:8      | Found a shadowy altar of Dithmenos.
  8789 | D:8      | Gained mutation: You occasionally shout uncontrollably at
                  | your foes. [potion of mutation]
  8789 | D:8      | Gained mutation: You have hidden genetic defects. [potion
                  | of mutation]
  8790 | D:8      | Lost mutation: You occasionally shout uncontrollably at
                  | your foes. [potion of mutation]
  8790 | D:8      | Lost mutation: You have hidden genetic defects. [potion of
                  | mutation]
  8790 | D:8      | Gained mutation: You are robust. (+10% HP) [potion of
                  | mutation]
  8790 | D:8      | Gained mutation: You are resistant to electric shocks.
                  | (rElec) [potion of mutation]
  8790 | D:8      | Gained mutation: Your spells are a little harder to cast,
                  | but a little more powerful. [potion of mutation]
  8850 | D:9      | Noticed an orange demon
  8861 | D:9      | Killed an orange demon
  8905 | D:9      | Found an ornate altar of the Wu Jian Council.
  8919 | D:9      | Found an opulent altar of Gozag.
  8937 | D:9      | Reached skill level 11 in Dodging
  8950 | D:9      | Found a transporter.
  8954 | D:9      | Found a transporter.
  8956 | D:9      | Found a transporter.
  8963 | D:9      | Found a flagged portal.
  8973 | D:9      | Found a transporter.
  8979 | Bailey   | Entered a bailey
  9191 | Bailey   | Noticed an orc knight
  9198 | Bailey   | Killed an orc knight
  9199 | Bailey   | Reached XP level 11. HP: 76/82 MP: 0/0
  9199 | Bailey   | Learned a level 5 spell: Yara's Violent Unravelling
  9413 | D:9      | Found a white marble altar of Elyvilon.
  9435 | D:9      | Reached skill level 12 in Dodging
  9699 | D:9      | Noticed a two-headed ogre
  9707 | D:9      | Killed a two-headed ogre
  9708 | D:9      | Reached skill level 13 in Dodging
 10110 | D:10     | Entered Level 10 of the Dungeon
 10111 | D:10     | Found a staircase to the Lair.
 10124 | D:10     | Reached skill level 1 in Armour
 10169 | D:10     | Found a shimmering altar of Xom.
 10227 | D:10     | Found Foaluto's Armour Boutique.
 10261 | D:10     | Found a staircase to the Orcish Mines.
 10262 | D:10     | Found Jeris's Weapon Boutique.
 10300 | D:10     | Noticed a +0 falchion
 10300 | D:10     | Noticed a +0 short sword
 10300 | D:10     | Noticed a +0 short sword
 10302 | D:10     | Noticed a +0 spear
 10304 | D:10     | Noticed a +0 dagger
 10304 | D:10     | Noticed a +0 falchion
 10305 | D:10     | Noticed a +0 dagger
 10306 | D:10     | Noticed a +0 spear
 10502 | D:10     | Found a hide-covered altar of Uskayaw.
 10524 | D:10     | Reached skill level 5 in Armour
 10561 | D:10     | Found a glowing golden altar of the Shining One.
 10968 | Lair:1   | Entered Level 1 of the Lair of Beasts
 11192 | Lair:1   | Reached XP level 12. HP: 89/89 MP: 0/0
 11252 | Lair:1   | Noticed a boulder beetle
 11268 | Lair:1   | Killed a boulder beetle
 11269 | Lair:1   | Reached skill level 10 in Armour
 11783 | Lair:2   | Identified the +7 long sword of Puckish Valour {venom, rC-
                  | Will++ Str+4 Dex+2}
 11843 | Lair:2   | Identified the +2 trident of Neurosis {flame, rF+}
 11952 | Lair:2   | Found a hole to the Spider Nest.
 12020 | Lair:2   | Found a staircase to the Swamp.
 12271 | Lair:2   | Noticed a five-headed hydra
 12279 | Lair:2   | Killed a five-headed hydra
 12315 | Lair:2   | Identified the +2 chain mail "Qoakhlawko" {rN+ Dex+3
                  | Slay-2}
 12770 | Lair:3   | Noticed a skyshark
 12777 | Lair:3   | Killed a skyshark
 12778 | Lair:3   | Reached XP level 13. HP: 85/94 MP: 0/0
 12778 | Lair:3   | Learned a level 5 spell: Fireball
 13532 | Lair:4   | Reached skill level 14 in Dodging
 14561 | Lair:5   | Entered Level 5 of the Lair of Beasts
 14561 | Lair:5   | Noticed a seven-headed hydra
 14713 | Lair:5   | Killed a seven-headed hydra
 14874 | Lair:5   | Noticed a four-headed hydra
 14893 | Lair:5   | Killed a four-headed hydra
 14895 | Lair:5   | Reached skill level 10 in Spellcasting
 15241 | Lair:5   | Reached skill level 15 in Dodging
 15310 | Lair:5   | Noticed a fire dragon
 15319 | Lair:5   | Killed a fire dragon
 15320 | Lair:5   | Reached XP level 14. HP: 107/108 MP: 0/0
 16846 | D:6      | Identified the +1 pair of boots of Ynudam {Fly}
 17034 | D:4      | Became a worshipper of Makhleb the Destroyer
 17315 | Orc:1    | Entered Level 1 of the Orcish Mines
 17387 | Orc:2    | Entered Level 2 of the Orcish Mines
 17619 | Orc:2    | Noticed Josephine
 17638 | Orc:2    | Killed Josephine
 17966 | Orc:2    | Reached skill level 16 in Dodging
 18000 | Orc:2    | Found a staircase to the Elven Halls.
 18023 | Orc:2    | Found Jecwonod's Antique Weapon Shoppe.
 18122 | Orc:2    | Noticed an orc warlord
 18126 | Orc:2    | Reached skill level 10 in Fighting
 18134 | Orc:2    | Noticed Saint Roka
 18423 | Orc:2    | Found Ysotra Mubu's General Store.
 18423 | Orc:2    | Noticed a stone giant
 18440 | Orc:2    | Killed a stone giant
 18480 | Orc:2    | Reached * piety under Makhleb
 18509 | Orc:2    | Found Rayceu Epik's Book Shoppe.
 18597 | Orc:1    | Reached XP level 15. HP: 78/119 MP: 0/0
 18597 | Orc:1    | Learned a level 6 spell: Statue Form
 18692 | Orc:1    | Reached ** piety under Makhleb
 19254 | Orc:1    | Reached skill level 1 in Unarmed Combat
 19450 | Orc:1    | Reached *** piety under Makhleb
 19532 | Orc:1    | Killed an orc warlord
 19728 | Orc:2    | Found Kelighir's Antique Armour Boutique.
 19734 | Orc:2    | Found Paziugops's Armour Shop.
 20214 | Spider:1 | Entered Level 1 of the Spider Nest
 20393 | Lair:2   | Mangled by a pharaoh ant

Illustrated notes

Levels and vault maps discovered:
D:1:      wander_arrival_chamber, layout_rooms,
          shapermc_ecumenical_altar_starsandcircs, serial_shops, shop_statue,
          minivault_5, minmay_misc_feat_chi
D:2:      layout_basic
D:3:      minmay_general_purpose_star, layout_rooms, serial_bayou,
          serial_bayou_lake_a, serial_bayou_ford_a, serial_bayou_pond_c,
          serial_bayou_pond_c, reono_crystal_passage
D:4:      layout_basic, fiery_altar_vehumet, nicolae_overflow_crystal_walls
D:5:      layout_basic, mainiacjoe_overflow_alcove_1,
          nicolae_ossuary_entry_monument, uniq_blork_the_orc, uniq_edmund
D:6:      cheibrodos_thug_alley, layout_loops_cross, kennysheep_mini
D:7:      layout_gridville, nicolae_ru_sacrificial_ziggurat,
          minmay_temple_entry_glassed_door, serial_shops,
          nicolae_shop_waterfront, lightli_minifort, uniq_menkaure
D:8:      layout_basic, mainiacjoe_overflow_paths, lemuel_round_altar,
          minmay_manual_monolith
D:9:      layout_long_grid, lemuel_tele_altar,
          mainiacjoe_overflow_large_starburst, serial_demonic, serial_demonic_d,
          serial_demonic_f, serial_demonic_g, serial_demonic_c, enter_bailey_1,
          nicolae_diode_quadrants
D:10:     layout_basic, nicolae_tso_swordbearing_angel,
          nicolae_uskayaw_en_pointe, kennysheep_little_box, orc_david_3,
          chequers_serial_rivers_small_b, nrook_campfire
D:11:     layout_irregular_city, minmay_holes, minmay_misc_feat_room,
          kennysheep_generic_room_15, uniq_erica
Temple:   hellmonk_temple_rainy
Lair:1:   layout_chaotic_city, grunt_megastairs_3
Lair:2:   layout_regular_city, swamp_mist, hellmonk_spider_entry_not_the_bees,
          wad_woods_01, infiniplex_staircase_pool, grunt_megastairs_2
Lair:3:   layout_small_grid, serial_bayou_shore_b
Lair:4:   layout_big_grid, dreamdust_wasp_nest
Lair:5:   guppyfry_lair_end_dragon, layout_regular_city,
          hangedman_lair_caniforms_friends, minmay_slime_entry_oklob_open,
          hibernation_bobbens
Spider:1: layout_spider_delve, hive_lemuel
Orc:1:    layout_caves, special_room [special_room_orc], bh_open_orc_temple
Orc:2:    grunt_orc_gardens, layout_caves, grunt_orc_garden, grunt_orc_garden,
          grunt_orc_garden, grunt_orc_garden, serial_shops, shop,
          uniq_josephine, uniq_saint_roka

Skill      XL: |  1  2  3  4  5  6  7  8  9 10 11 12 13 14 15 |
---------------+----------------------------------------------+-----
Spellcasting   | 4 5 6 7 8 10 11 | 11.3
Dodging        | 8 11 13 15 16 | 16.5
Fighting       | 3 5 8 10 | 10.7
Armour         | 9 14 | 14.1
Unarmed Combat | 4 |  4.7
Stealth        | |  1.5

Action                     |  1- 3 |  4- 6 |  7- 9 | 10-12 | 13-15 || total
---------------------------+-------+-------+-------+-------+-------++-------
  Melee: Unarmed           |    35 |    21 |    12 |    13 |    26 ||   107
         Punch             |       |       |       |     1 |       ||     1
   Cast: Freeze            |    41 |    11 |    12 |       |     1 ||    65
         Frozen Ramparts   |     2 |     6 |    37 |    56 |    49 ||   150
         Searing Ray       |       |     1 |    12 |     4 |       ||    17
         Ozocubu's Armour  |       |     1 |    11 |    19 |    19 ||    50
         Summon Ice Beast  |       |     2 |    21 |    16 |    16 ||    55
         Stone Arrow       |       |       |    32 |    78 |   175 ||   285
         Shock             |       |       |    11 |    25 |     5 ||    41
         Vampiric Draining |       |       |    26 |   138 |   253 ||   417
         Yara's Violent Un |       |       |       |     3 |       ||     3
         Fireball          |       |       |       |       |    27 ||    27
         Statue Form       |       |       |       |       |    11 ||    11
  Evoke: Wand              |       |       |       |       |     3 ||     3
         Lightning rod     |       |       |       |       |     1 ||     1
    Use: Scroll            |       |     6 |     8 |     5 |     9 ||    28
         Potion            |       |       |     1 |     2 |     3 ||     6
   Stab: Sleeping          |     1 |       |     1 |       |       ||     2
 Armour: Robe              |    12 |     9 |    23 |    51 |    89 ||   184
         Leather armour    |       |       |     3 |       |       ||     3
         Skin              |       |       |       |       |   106 ||   106
  Dodge: Dodged            |    47 |    23 |    72 |   144 |   569 ||   855
